 Dungeon Crawl Stone Soup version 0.25-a0-2-g6559c6c67a (webtiles) character file.

Game seed: 16794183454283475631, levelgen mode: deterministic

103 Arixos the Charmwright (level 4, 0/23 HPs)
             Began as a Vine Stalker Skald on Oct 14, 2019.
             Slain by Crazy Yiuf
             ... wielding a +3 quarterstaff of chaos
              (3 damage)
             ... on level 2 of the Dungeon.
             The game lasted 00:06:31 (1281 turns).

Arixos the Charmwright (Vine Stalker Skald)         Turns: 1281, Time: 00:06:32

Health: 0/23       AC:  3    Str: 13    XL:     4   Next: 79%
Magic:  0/9        EV: 12    Int: 13    God:
Gold:   147        SH:  0    Dex: 15    Spells: 2/8 levels left

rFire    . . .     SeeInvis .   a - +0 falchion
rCold    . . .     Gourm    .   (no shield)
rNeg     . . .     Faith    .   b - +0 leather armour
rPois    .         Spirit   +   (no helmet)
rElec    .         Reflect  .   (no cloak)
rCorr    .         Harm     .   (no gloves)
MR       .....                  (no boots)
Stlth    +.........             (no amulet)
HPRegen  1.47/turn              (no ring)
MPRegen  0.11/turn              (no ring)

@: very slightly contaminated, regenerating (expiring)
A: fangs 2, regeneration 1, magic shield, antimagic bite, no potion heal 3, rot
immunity
a: no special abilities


You were on level 2 of the Dungeon.
You were hungry.

You visited 1 branch of the dungeon, and saw 2 of its levels.

You collected 147 gold pieces.

Inventory:

Hand Weapons
 a - a +0 falchion (weapon)
Armour
 b - a +0 leather armour (worn)
Scrolls
 e - 3 scrolls of identify {unknown}
 f - 5 scrolls of random uselessness {unknown}
 j - a scroll of remove curse {unknown}
 k - a scroll of fear {unknown}
Potions
 c - a potion of curing {unknown}
 g - a potion of haste {unknown}
 h - a potion of heal wounds {unknown}
Comestibles
 d - 6 rations
 i - 6 chunks of flesh


   Skills:
 + Level 2.2 Fighting
 + Level 2.4 Long Blades
 - Level 0.7 Armour
 + Level 2.1 Dodging
 + Level 2.7 Spellcasting
 + Level 3.4 Charms
 + Level 1.0 Necromancy
 + Level 1.2 Translocations


You had 2 spell levels left.
You knew the following spells:

 Your Spells              Type           Power        Failure   Level  Hunger
a - Infusion              Chrm           ##..         7%          1    #......
r - Regeneration          Chrm/Necr      #.........   34%         3    ###....
s - Shroud of Golubria    Chrm/Tloc      #.....       17%         2    ###....

Your spell library contained the following spells:

 Spells                   Type           Power        Failure   Level  Hunger
 Song of Slaying          Chrm           ##......     11%         2    ###....
 Spectral Weapon          Hex/Chrm       #.......     41%         3    ###....


Dungeon Overview and Level Annotations

Branches:
Dungeon (2/15)

Altars:
Ashenzari
Fedhas
Nemelex Xobeh
Sif Muna

Annotations:
D:2 Crazy Yiuf


Innate Abilities, Weirdness & Mutations

You have extremely sharp teeth.
Your natural rate of healing is unusually fast.
When hurt, damage is shared between your health and your magic reserves.
Your bite disrupts and absorbs the magic of your enemies.
Potions cannot restore your health.
You are immune to rotting.


Message History

You are feeling hungry.
You open the door.
Your skin is crawling a little less now.
You barely miss Crazy Yiuf.
Crazy Yiuf hits you with a +3 quarterstaff of chaos!
Your shroud falls apart!
Crazy Yiuf freezes you.
Casting: Regeneration (safe; 34% risk of failure)
Confirm with . or Enter, or press ? or * to list all spells.
You miscast Shroud of Golubria.
You are very lightly contaminated with residual magic.
Your skin tingles.
Crazy Yiuf closely misses you.
You riposte.
You hit Crazy Yiuf. Your bite misses Crazy Yiuf.
Crazy Yiuf is lightly wounded.
You hit Crazy Yiuf but do no damage. You bite Crazy Yiuf, but do no damage.
Crazy Yiuf is lightly wounded.
Crazy Yiuf hits you with a +3 quarterstaff of chaos!
* * * LOW HITPOINT WARNING * * *
Crazy Yiuf burns you.
You die...

##### #)..# #...#
... ### #g# ...#
♣@♣♣ #.#.# ♣♣.♣
######.... ♣.♣♣
#......#.# ♣♣.♣
....<..#.# ♣♣.♣♣
.........# ♣♣...♣
.........### ♣.P..♣
...........# #....#
...........####....#


You could see Crazy Yiuf.

Vanquished Creatures
  A hound (D:2)
  3 adders (D:2)
  A worm (D:2)
  A dart slug (D:1)
  2 leopard geckos
  9 bats
  2 giant cockroaches (D:1)
  2 goblins
  5 hobgoblins
  A quokka (D:2)
  4 frilled lizards
  4 kobolds
  10 rats (D:1)
45 creatures vanquished.

Notes
Turn   | Place    | Note
-------+----------+-------------------------------------------
     0 | D:1      | Arixos the Vine Stalker Skald began the quest for the Orb.
     0 | D:1      | Reached XP level 1. HP: 11/11 MP: 4/4
    74 | D:1      | Reached XP level 2. HP: 10/15 MP: 4/6
    80 | D:1      | Learned a level 2 spell: Shroud of Golubria
   402 | D:1      | Reached XP level 3. HP: 18/18 MP: 7/7
   425 | D:1      | Learned a level 3 spell: Regeneration
   459 | D:1      | You fall into a shaft and drop 1 floor!
   947 | D:2      | Found a blossoming altar of Fedhas.
   959 | D:2      | Gained mutation: Your natural rate of healing is unusually
                  | fast. [Vine Stalker growth]
   959 | D:2      | Reached XP level 4. HP: 21/23 MP: 4/8
   965 | D:2      | Found a sparkling altar of Nemelex Xobeh.
  1065 | D:2      | Found a shattered altar of Ashenzari.
  1070 | D:2      | Found a shimmering blue altar of Sif Muna.
  1100 | D:2      | Reached skill level 1 in Translocations
  1148 | D:2      | Reached skill level 1 in Necromancy
  1272 | D:2      | Found a runed translucent door.
  1273 | D:2      | Noticed Crazy Yiuf
  1281 | D:2      | Slain by Crazy Yiuf

Levels and vault maps discovered:
D:1:      giann_bridges, layout_basic, minmay_large_rounded_square,
          minmay_rat_gold_closets
D:2:      layout_rooms, lemuel_doored_altar, fedhas_altar_1, old_standard_altar,
          overflow_temple_1_default, first_ration, serial_rivers,
          chequers_serial_rivers_micro_a, chequers_serial_rivers_small_3,
          chequers_serial_rivers_marsh, chequers_serial_rivers_micro_b,
          chequers_serial_rivers_micro_d, uniq_crazy_yiuf_cottage

Skill      XL: |  1  2  3  4 |
---------------+-------------+-----
Long Blades    | 2 |  2.4
Fighting       | 2 |  2.2
Dodging        | 2 |  2.1
Translocations | 1 |  1.2
Necromancy     | 1 |  1.0
Armour         | |  0.7
Spellcasting   | |  2.7
Charms         | |  3.4

Action                   |  1- 3 |  4- 6 || total
-------------------------+-------+-------++-------
Melee: Falchion          |    83 |    51 ||   134
       Bite              |    19 |    19 ||    38
 Cast: Shroud of Golubri |     3 |     5 ||     8
       Regeneration      |     1 |     1 ||     2
 Stab: Sleeping          |     1 |     1 ||     2
  Eat: Chunk             |     1 |     1 ||     2
Armor: Leather armour    |    26 |    23 ||    49
Dodge: Dodged            |    61 |    45 ||   106
       Rpst.: Falchion   |    19 |    14 ||    33

Table legend:
 A = Non-vault XP
 B = Vault XP
 C = Vault XP percentage of total XP
 D = Non-vault monster count
 E = Vault monster count
 F = Vault count percentage of total count
                 A         B        C        D         E       F
            +---------+---------+-------+---------+---------+-------
      Total |     143 |       5 |   3.4 |      40 |       5 |  11.1
            +---------+---------+-------+---------+---------+-------
        D:1 |      38 |       5 |  11.6 |      22 |       5 |  18.5
        D:2 |     105 |       0 |   0.0 |      18 |       0 |   0.0
            +---------+---------+-------+---------+---------+-------
